 Dungeon Crawl Stone Soup version 0.28.0-1-gb440e238dd (webtiles) character file.

Game seed: 11294185387568230365

777 Peloso the Covered (level 7, -4/61 HPs)
             Began as a Minotaur Fighter on Feb 23, 2022.
             Shot with an arrow by a centaur (7 damage)
             ... on level 5 of the Dungeon.
             The game lasted 00:03:40 (3866 turns).

Peloso the Covered (Minotaur Fighter)               Turns: 3866, Time: 00:03:41

Health: -4/61      AC:  9    Str: 20    XL:     7   Next: 54%
Magic:  6/6        EV: 10    Int:  5    God:
Gold:   157        SH:  5    Dex: 12    Spells: 6/6 levels left

rFire   . . .      SeeInvis .   a - +0 long sword
rCold   . . .      Faith    .   c - +0 buckler
rNeg    . . .      Spirit   .   b - +0 scale mail
rPois   +          Reflect  .   (helmet restricted)
rElec   .          Harm     .   m - +0 cloak
rCorr   .          Rampage  .   (no gloves)
Will    .....                   (no boots)
Stlth   ..........              (no amulet)
HPRegen 0.20/turn               p - ring of poison resistance
MPRegen 0.10/turn               (no ring)

@: lethally poisoned (-4 -> -12)
A: horns 2, retaliatory headbutt
a: no special abilities


You were on level 5 of the Dungeon.
You visited 1 branch of the dungeon, and saw 5 of its levels.

You collected 157 gold pieces.

Inventory:

Hand Weapons
 a - a +0 long sword (weapon)
Armour
 b - a +0 scale mail (worn)
 c - a +0 buckler (worn)
 m - a +0 cloak (worn)
Jewellery
 p - a ring of poison resistance (left hand)
Wands
 q - a wand of flame (36)
Scrolls
 f - a scroll of fog {unknown}
 g - 2 scrolls of teleportation {unknown}
 h - 3 scrolls of identify {unknown}
 l - a scroll of immolation {unknown}
 o - 2 scrolls of amnesia {unknown}
Potions
 d - a potion of might
 e - a potion of experience {unknown}
 i - 3 potions of lignification {unknown}
 j - 2 potions of heal wounds {unknown}
 k - a potion of curing {unknown}
 n - 2 potions of haste {unknown}


   Skills:
 + Level 5.2 Fighting
 + Level 5.9 Long Blades
 + Level 6.4 Armour
 + Level 2.6 Dodging
 + Level 0.8 Stealth
 + Level 5.3 Shields


You had 6 spell levels left.
You didn't know any spells.
Your spell library contained the following spells:

 Spells                   Type           Power      Damage    Failure   Level
 Sublimation of Blood     Necr           0%         N/A       95%         2
 Wereblood                Tmut           0%         N/A       95%         2
 Tukima's Dance           Hex            0%         N/A       99%         3
 Animate Armour           Summ/Erth      0%         N/A       100%        4
 Passage of Golubria      Tloc           0%         N/A       100%        4
 Blade Hands              Tmut           0%         N/A       100%        5
 Yara's Violent Unravell  Hex/Tmut       0%         3d3       100%        5
 Iron Shot                Conj/Erth      0%         9d1       100%        6
 Summon Hydra             Summ           0%         N/A       100%        7


Dungeon Overview and Level Annotations

Branches:
Dungeon (5/15)
 Temple: D:4-7

Altars:

Portals:
Abyss: D:4

Annotations:
D:4 2 transporters, hjjsjsjsj's ghost, amateur MiBe


Innate Abilities, Weirdness & Mutations

You have a pair of horns on your head.
You reflexively headbutt those who attack you in melee.


Message History

A quokka is nearby!
A quokka is nearby!
A centaur comes into view.
Found a stone staircase leading up.
The quokka barely misses you.
The centaur wields a +0 shortbow.
The centaur shoots an arrow.
The arrow hits you. You block the quokka's attack.
You closely miss the quokka.
The centaur shoots an arrow.
The arrow barely misses you.
A scorpion comes into view.
The quokka bites you but does no damage.
The centaur shoots an arrow.
The arrow hits you!
The scorpion moves out of view.
You slash the quokka!
You kill the quokka!
The centaur shoots an arrow.
The arrow hits you!
The centaur shoots an arrow.
The arrow hits you.
Found a stone staircase leading down.
The centaur shoots an arrow.
The arrow barely misses you.
The centaur shoots an arrow.
The arrow hits you!
Unknown command.
The scorpion completely misses you.
The centaur unwields a +0 shortbow.
The centaur barely misses you. You block the centaur's attack.
The scorpion stings you.
Unknown command.
The scorpion stings you.
The centaur hits you but does no damage.
The centaur closely misses you. The scorpion stings you. x2
The centaur wields a +0 shortbow.
The centaur shoots an arrow.
The arrow hits you.
* * * LOW HITPOINT WARNING * * *
Found a scroll labelled LITUMYR NIHE.
The centaur shoots an arrow.
The arrow hits you.
* * * LOW HITPOINT WARNING * * *
Found 23 sling bullets.
The centaur shoots an arrow.
The arrow barely misses you. The scorpion stings you.
* * * LOW HITPOINT WARNING * * *
You are lethally poisoned!
The scorpion poisons you!
The centaur shoots an arrow.
The arrow hits you!
You die...

.#####..............#
....##..............#
....................#
...................##
....................#
....................#
....................#
............!.cs....#
............)...@...#
...................##
...................#
.................#.#
.................#.#
..[..............#.#
..#............?....
...########......( .
....#


You could see a centaur and a scorpion.

Vanquished Creatures
  Prince Ribbit (D:4)
  A water moccasin (D:4)
  An ice beast (D:4)
  A centaur (D:4)
  3 scorpions
  An orc wizard (D:3)
  Ijyb (D:4)
  A hound skeleton (D:4)
  4 adders
  A dart slug (D:1)
  3 orcs
  4 endoplasms
  3 goblins
  5 hobgoblins
  2 quokkas
  6 ball pythons
  3 bats
  4 frilled lizards
  4 kobolds
  A quokka skeleton (D:4)
  2 rats
52 creatures vanquished.

Notes
Turn   | Place    | Note
-------+----------+-------------------------------------------
     0 | D:1      | Peloso the Minotaur Fighter began the quest for the Orb.
     0 | D:1      | Reached XP level 1. HP: 19/19 MP: 0/0
   180 | D:1      | Found a faded altar of an unknown god.
   231 | D:1      | Reached XP level 2. HP: 22/27 MP: 1/1
   304 | D:1      | Reached skill level 4 in Armour
  1644 | D:3      | Reached XP level 3. HP: 33/33 MP: 2/2
  1944 | D:3      | Reached skill level 1 in Dodging
  1944 | D:3      | Reached XP level 4. HP: 37/40 MP: 3/3
  2143 | D:4      | Noticed a scorpion
  2173 | D:3      | Killed a scorpion
  2463 | D:3      | Reached XP level 5. HP: 37/46 MP: 4/4
  2553 | D:4      | Noticed an ice beast
  2570 | D:4      | Killed an ice beast
  2571 | D:4      | Reached skill level 5 in Armour
  2774 | D:4      | Noticed a water moccasin
  2784 | D:4      | Killed a water moccasin
  2785 | D:4      | Reached XP level 6. HP: 46/53 MP: 5/5
  2882 | D:4      | Noticed hjjsjsjsj's ghost (amateur MiBe)
  2883 | D:4      | Noticed a small abomination
  2896 | D:4      | Found a one-way gate to the infinite horrors of the Abyss.
  2973 | D:4      | Found a transporter.
  3200 | D:4      | Found a transporter.
  3243 | D:4      | Reached skill level 5 in Shields
  3336 | D:4      | Reached skill level 5 in Long Blades
  3336 | D:4      | Reached skill level 6 in Armour
  3471 | D:5      | Entered Level 5 of the Dungeon
  3471 | D:5      | Noticed Prince Ribbit
  3471 | D:5      | Noticed Ijyb
  3484 | D:4      | Killed Ijyb
  3485 | D:4      | Reached XP level 7. HP: 53/60 MP: 6/6
  3533 | D:4      | Killed Prince Ribbit
  3534 | D:4      | Reached skill level 5 in Fighting
  3866 | D:5      | HP: 3/61 [scorpion (6)]
  3866 | D:5      | Shot with an arrow by a centaur

Illustrated notes

Levels and vault maps discovered:
D:1:      zaba_arrival_water, layout_loops_ring,
          ebering_ecumenical_altar_petrified
D:2:      layout_loops_ring, lemuel_flame_loot_1
D:3:      layout_basic
D:4:      layout_cave_pods, gammafunk_ghost_abyssal_escape, serial_glass,
          glass_columns_a, glass_columns_c
D:5:      minmay_evil_eye, layout_rooms, uniq_prince_ribbit1, uniq_ijyb

Skill      XL: |  1  2  3  4  5  6  7 |
---------------+----------------------+-----
Armour         | 4 5 6 |  6.4
Shields        | 4 5 |  5.3
Fighting       | 4 5 |  5.2
Long Blades    | 3 4 5 |  5.9
Dodging        | 1 2 |  2.6
Stealth        | |  0.8

Action                   |  1- 3 |  4- 6 |  7- 9 || total
-------------------------+-------+-------+-------++-------
Melee: Long sword        |    72 |    59 |    20 ||   151
       Headbutt          |     9 |     8 |     6 ||    23
Evoke: Wand              |       |       |     1 ||     1
  Use: Potion            |       |     1 |       ||     1
Armor: Scale mail        |    41 |    33 |    16 ||    90
Dodge: Dodged            |    31 |    27 |    19 ||    77
Block: Buckler           |    15 |    24 |     6 ||    45
